 Dungeon Crawl Stone Soup version 0.26-a0-667-g92642533e4 (webtiles) character file.

Game seed: 4303791047464939307

507 keso the Shield-Bearer (level 6, -3/56 HPs)
             Began as a Minotaur Fighter on Oct 17, 2020.
             Slain by an ogre
             ... wielding a +0 giant spiked club
              (7 damage)
             ... on level 4 of the Dungeon.
             The game lasted 00:31:44 (3346 turns).

keso the Shield-Bearer (Minotaur Fighter)           Turns: 3346, Time: 00:31:45

Health: -3/56      AC:  9    Str: 23    XL:     6   Next: 97%
Magic:  5/5        EV:  9    Int:  5    God:
Gold:   168        SH: 10    Dex:  9    Spells: 5/5 levels left

rFire    x . .     SeeInvis .   a - +0 war axe
rCold    + . .     Faith    .   c - +0 kite shield
rNeg     . . .     Spirit   .   b - +0 scale mail
rPois    .         Reflect  .   f - +1 hat
rElec    .         Harm     .   (no cloak)
rCorr    .         Rampage  .   (no gloves)
MR       .....                  h - +0 pair of boots
Stlth    ..........             (no amulet)
HPRegen  0.18/turn              e - ring of ice
MPRegen  0.09/turn              (no ring)

@: no status effects
A: retaliatory headbutt, horns 2
a: no special abilities


You were on level 4 of the Dungeon.
You visited 1 branch of the dungeon, and saw 4 of its levels.

You collected 168 gold pieces.

Inventory:

Hand Weapons
 a - a +0 war axe (weapon)
Armour
 b - a +0 scale mail (worn)
 c - a +0 kite shield (worn)
 f - a +1 hat (worn)
 h - a +0 pair of boots (worn)
Jewellery
 e - a ring of ice (left hand)
 o - an uncursed ring of protection from cold
 p - an uncursed ring of ice
 u - a +6 ring of strength {unknown}
Scrolls
 k - 5 scrolls of teleportation
 l - a scroll of magic mapping {unknown}
 m - a scroll of random uselessness {unknown}
 n - 2 scrolls of immolation {unknown}
 v - 2 scrolls of fog {unknown}
 w - a scroll of fear {unknown}
 x - a scroll of enchant weapon {unknown}
Potions
 d - 2 potions of might
 g - 3 potions of curing {unknown}
 i - 3 potions of flight {unknown}
 j - a potion of stabbing {unknown}
 q - 2 potions of cancellation {unknown}
 r - a potion of brilliance {unknown}
 s - a potion of berserk rage {unknown}
 t - a potion of heal wounds {unknown}


   Skills:
 + Level 5.0 Fighting
 + Level 5.4 Axes
 + Level 5.1 Armour
 + Level 2.1 Dodging
 + Level 0.1 Stealth
 + Level 5.6 Shields


You had 5 spell levels left.
You didn't know any spells.
Your spell library was empty.

Dungeon Overview and Level Annotations

Branches:
Dungeon (4/15)
 Temple: D:4-7

Altars:
Fedhas
Gozag
Makhleb
Wu Jian
Xom

Shops:
D:3 *


Innate Abilities, Weirdness & Mutations

You reflexively headbutt those who attack you in melee.
You have a pair of horns on your head.


Message History

Things that are here:
a +0 dagger; a +0 robe An ogre comes into view.
It is wielding a +0 giant spiked club.
Found a scroll labeled SOUFOU EGUOCVI.
The ogre barely misses you. You furiously retaliate!
You headbutt the ogre.
You are too injured to fight recklessly!
You are too injured to fight recklessly!
You are too injured to fight recklessly!
The ogre barely misses you.
You hit the ogre but do no damage.
The ogre is lightly wounded.
The ogre barely misses you.
You hit the ogre. Your headbutt misses the ogre.
The ogre is moderately wounded.
The ogre hits you with a +0 giant spiked club!
* * * LOW HITPOINT WARNING * * *
You closely miss the ogre. You headbutt the ogre.
The ogre is heavily wounded.
The ogre hits you with a +0 giant spiked club!
You die...

..# #.# .## #.# #.#.#
.# #<# #.#.# .# #.#
##.#.# .# #.# #....#
.########.## #....#
..........)####....###
#########))..........#
#....).......@....#
#.####..>....O....#
#######........#
#...####?# #..... .#
#.##### # #.# #.# ##.#


You could see an ogre.

Vanquished Creatures
  An ogre (D:4)
  A scorpion (D:4)
  A howler monkey (D:3)
  An orc priest (D:3)
  2 orc wizards (D:4)
  2 worker ants
  3 gnolls (D:3)
  5 adders
  2 worms
  4 dart slugs (D:2)
  4 leopard geckos
  12 orcs
  3 ball pythons
  5 giant cockroaches
  11 goblins
  8 hobgoblins
  7 jackals
  A quokka (D:3)
  6 bats
  7 frilled lizards
  3 kobolds
  A leopard gecko skeleton (D:4)
  13 rats
103 creatures vanquished.

Notes
Turn   | Place    | Note
-------+----------+-------------------------------------------
     0 | D:1      | keso the Minotaur Fighter began the quest for the Orb.
     0 | D:1      | Reached XP level 1. HP: 19/19 MP: 0/0
   221 | D:1      | Reached XP level 2. HP: 27/27 MP: 1/1
   860 | D:2      | Reached XP level 3. HP: 33/33 MP: 2/2
  1099 | D:2      | Reached skill level 1 in Dodging
  1099 | D:2      | Reached XP level 4. HP: 40/40 MP: 3/3
  1705 | D:2      | Found a burning altar of Makhleb.
  1705 | D:2      | Noticed a blizzard demon
  1709 | D:2      | Noticed a neqoxec
  1709 | D:2      | Noticed an orange demon
  1770 | D:3      | Found Gozag's Platinum Reserve.
  2002 | D:3      | Reached XP level 5. HP: 38/47 MP: 4/4
  2090 | D:3      | Found an opulent altar of Gozag.
  2442 | D:3      | Reached skill level 5 in Shields
  2646 | D:3      | Reached XP level 6. HP: 53/55 MP: 5/5
  3044 | D:4      | Reached skill level 5 in Axes
  3149 | D:4      | Found an ornate altar of the Wu Jian Council.
  3152 | D:4      | Found a blossoming altar of Fedhas.
  3157 | D:4      | Found a shimmering altar of Xom.
  3161 | D:4      | Found a burning altar of Makhleb.
  3212 | D:4      | Reached skill level 5 in Fighting
  3212 | D:4      | Reached skill level 5 in Armour
  3346 | D:4      | Slain by an ogre

Illustrated notes

Levels and vault maps discovered:
D:1:      lemuel_arrival_cross, layout_loops_ring
D:2:      layout_rooms, makhleb_altar_promises_db
D:3:      layout_loops_ring, nicolae_gozag_zags_fifth_avenue
D:4:      layout_loops_ring, kennysheep_mini, grunt_temple_overflow_cloverleaf,
          overflow_temple_1_default

Skill      XL: |  1  2  3  4  5  6 |
---------------+-------------------+-----
Fighting       | 4 5 |  5.0
Shields        | 4 5 |  5.6
Armour         | 4 5 |  5.1
Axes           | 3 4 5 |  5.4
Dodging        | 1 2 |  2.1
Stealth        | |  0.1

Action                   |  1- 3 |  4- 6 || total
-------------------------+-------+-------++-------
Melee: War axe           |    89 |   156 ||   245
       Headbutt          |     9 |    31 ||    40
  Use: Scroll            |     2 |       ||     2
Armor: Scale mail        |    44 |    71 ||   115
Dodge: Dodged            |    34 |    47 ||    81
Block: Kite shield       |    56 |    86 ||   142

Table legend: (Time is in decaauts)
 A = Elapsed time spent in this place.
 B = Non-inter-level travel time spent in this place.
 C = Inter-level travel time spent in this place.
 D = Time resting spent in this place.
 E = Time spent auto-exploring this place.
 F = Levels seen in this place.
 G = Mean time per level.
                   A        B        C        D        E       F      G
               +--------+--------+--------+--------+--------+-----+--------+
         Total |   3442 |   3442 |      0 |    448 |    756 |   4 |  860.5 |
       Dungeon |   3442 |   3442 |      0 |    448 |    756 |   4 |  860.5 |
               +--------+--------+--------+--------+--------+-----+--------+

Top non-repeatable levels by time:
     D:3: 1267 daAuts
     D:2: 910 daAuts
     D:1: 880 daAuts
     D:4: 383 daAuts
